 Dungeon Crawl Stone Soup version 0.21-a0-591-g2314aa1 (webtiles) character file.

119 mopl the Insei (level 5, -7/37 HPs)
             Began as a Barachi Transmuter on Dec 22, 2017.
             Mangled by a river rat (8 damage)
             ... summoned by mopl's ghost
             ... on level 3 of the Dungeon.
             The game lasted 00:03:46 (2254 turns).

mopl the Insei (Barachi Transmuter)                 Turns: 2254, Time: 00:03:47

Health: -7/37      AC:  2    Str: 11    XL:     5   Next: 3%
Magic:  3/8        EV: 19    Int: 13    God:
Gold:   63         SH:  0    Dex: 19    Spells: 2/8 levels left

rFire    . . .     SeeInvis .     - Unarmed
rCold    . . .     Gourm    .   (shield currently unavailable)
rNeg     . . .     Faith    .   (armour currently unavailable)
rPois    x         Spirit   .   (helmet currently unavailable)
rElec    .         Reflect  .   (cloak currently unavailable)
rCorr    .         Harm     .   (gloves currently unavailable)
MR       .....                  (boots currently unavailable)
Stlth    ++........             (no amulet)
HPRegen  0.12/turn              (no ring)
MPRegen  0.11/turn              (no ring)

@: spider-form (expiring), very slightly contaminated, drained
A: tiny, +LOS, swims
a: End Transformation


You were on level 3 of the Dungeon.
You were hungry.
You were a venomous arachnid creature.
You visited 1 branch of the dungeon, and saw 3 of its levels.

You collected 63 gold pieces.

Inventory:

Hand Weapons
 s - a cursed -3 spear (melded)
Missiles
 a - 12 arrows
Armour
 b - a +0 robe (melded)
 g - a +1 pair of gloves (melded)
 i - a +2 pair of boots (melded)
Scrolls
 m - 2 scrolls of enchant armour
Potions
 f - a potion of agility
 h - a potion of heal wounds
 k - a potion of resistance
 l - a potion of flight {unknown}
 p - a potion of haste {unknown}
 r - 2 potions of curing {unknown}
Books
 c - a book of Changes

   Spells                             Type                      Level
   a - Beastly Appendage              Transmutation                1
   b - Sticks to Snakes               Transmutation                2
   c - Spider Form                    Transmutation/Poison         3
   d - Ice Form                       Ice/Transmutation            4
   e - Blade Hands                    Transmutation                5
Comestibles
 d - 5 rations
 j - 4 chunks of flesh


   Skills:
 - Level 1.2(0.5) Fighting
 - Level 2.1(1.4) Dodging
 + Level 4.5(3.8) Unarmed Combat
 - Level 2.1(1.4) Spellcasting
 + Level 3.8(3.1) Transmutations
 + Level 2.0(1.2) Poison Magic


You had 2 spell levels left.
You knew the following spells:

 Your Spells              Type           Power        Failure   Level  Hunger
a - Beastly Appendage     Tmut           #.....       21%         1    ##.....
b - Spider Form           Tmut/Pois      #.........   54%         3    ####...
w - Sticks to Snakes      Tmut           #.......     26%         2    ###....


Dungeon Overview and Level Annotations

Branches:
Dungeon (3/15)

Altars:
Sif Muna

Annotations:
D:3 mopl's ghost, amateur BaSu


Innate Abilities, Weirdness & Mutations

Shadows flee at your approach. (+LOS)
You can swim through water.
((You cover ground slowly.))
((You can hop short distances.))


Message History

* * * LOW HITPOINT WARNING * * *
You feel drained. The white imp gestures at you. The puff of frost hits you!
* * * LOW HITPOINT WARNING * * *
The quokka bites you.
* * * LOW HITPOINT WARNING * * *
You hit mopl's ghost.
Mopl's ghost is severely damaged.
The rat misses you. The white imp gestures at you. The puff of frost hits you!
* * * LOW HITPOINT WARNING * * *
The river rat completely misses you. Mopl's ghost completely misses you.
The quokka misses you. The white imp completely misses you.
You hit mopl's ghost.
Mopl's ghost is severely damaged.
The rat closely misses you. The white imp closely misses you.
The river rat bites you!
You die...

####### *********###########
#.[...#
,,,,,,,,,..........###.###.######
,,,,,,,,,........................
*#################.###.###.######
##.......#####.........# #......#
...................^...########.#
.......†.......rrr...........>...
##............bWs......######.#.#
#.........##..55#.###.##.......#
*#.........##........#.##.......#
...........##..5##.#.#.##.......#
#########.###...##.#.#.##.......#
********#.##.........#.##.......#
,,,,,,,,#.##...<.....#.##.......#
******,,#.##...#######.##########
,,,,,,,,..##.........#...########


You could see mopl's ghost, a crimson imp, a river rat, 2 white imps, a quokka,
a bat and a rat.

Vanquished Creatures
  An orc wizard (D:3)
  A worker ant (D:3)
  A worm (D:2)
  2 dart slugs (D:1)
  3 leopard geckos
  4 orcs (D:3)
  5 bats
  A giant cockroach (D:1)
  10 goblins
  5 hobgoblins
  2 jackals (D:2)
  5 kobolds
  A quokka (D:2)
  A frilled lizard (D:2)
  7 rats
49 creatures vanquished.

Notes
Turn   | Place    | Note
-------+----------+-------------------------------------------
     0 | D:1      | mopl the Barachi Transmuter began the quest for the Orb.
     0 | D:1      | Reached XP level 1. HP: 15/15 MP: 3/3
   348 | D:1      | Reached XP level 2. HP: 13/21 MP: 1/5
   352 | D:1      | Learned a level 2 spell: Sticks to Snakes
   673 | D:1      | Reached skill level 3 in Transmutations
   704 | D:1      | Reached XP level 3. HP: 22/26 MP: 6/6
   709 | D:1      | Learned a level 3 spell: Spider Form
   716 | D:1      | Reached skill level 4 in Unarmed Combat
  1232 | D:2      | Found a deep blue altar of Sif Muna.
  1901 | D:3      | Reached skill level 1 in Poison Magic
  1908 | D:3      | Reached XP level 4. HP: 29/32 MP: 1/7
  2059 | D:3      | Noticed mopl's ghost (amateur BaSu)
  2115 | D:3      | Reached XP level 5. HP: 23/37 MP: 4/8
  2137 | D:3      | Reached skill level 2 in Poison Magic
  2253 | D:3      | HP: 1/37 [white imp/puff of frost[mopl's ghost] (3)]
  2254 | D:3      | Mangled by a river rat

Vault maps used:
D:1:      dpeg_arrival_pits, patterned_corridor
D:2:      nicolae_overflow_crystal_walls, first_ration, grunt_decor_resistance
D:3:      grunt_temple_overflow_holy_war, uniq_natasha

Skill      XL: |  1  2  3  4  5 |
---------------+----------------+-----
Transmutations | 3 |  3.8
Unarmed Combat | 4 |  4.5
Poison Magic   | 1 2 |  2.0
Fighting       | |  1.2
Dodging        | |  2.1
Spellcasting   | |  2.1

Action                   |  1- 3 |  4- 6 || total
-------------------------+-------+-------++-------
Melee: Unarmed           |   110 |    30 ||   140
       Kick              |     6 |       ||     6
       Headbutt          |     8 |       ||     8
 Cast: Beastly Appendage |    18 |       ||    18
       Spider Form       |     5 |     5 ||    10
 Abil: End Transformatio |       |     1 ||     1
  Use: Scroll            |       |     7 ||     7
  Eat: Chunk             |     5 |     2 ||     7
Armor: Robe              |    39 |     5 ||    44
       Skin              |       |     1 ||     1
Dodge: Dodged            |    75 |    46 ||   121

Table legend:
 A = Spawn XP
 B = Non-spawn XP
 C = Spawn XP percentage of total XP
 D = Spawn monster count
 E = Non-spawn monster count
 F = Spawn count percentage of total count
 G = Total turns spent on level
                    A         B        C        D         E        F      G
               +---------+---------+-------+---------+---------+-------+---------
         Total |       0 |     170 |   0.0 |       0 |      49 |   0.0 |  2254
               +---------+---------+-------+---------+---------+-------+---------
           D:1 |       0 |      39 |   0.0 |       0 |      18 |   0.0 |  1029
           D:2 |       0 |      31 |   0.0 |       0 |      18 |   0.0 |   885
           D:3 |       0 |     100 |   0.0 |       0 |      13 |   0.0 |   340
               +---------+---------+-------+---------+---------+-------+---------
